woodfighter, chaotic female elven Priestess ------ |....| ------- |..<.| |...... |.)..[#######......| |....| |.....I ------------ |....-# |......#########%|`.........`| --+-.-# |.*...| #%.....`.....| # )#o --.---- |...- --- | ####@ # ...| # ###f # .`| # #`## # ..| ---.----##########* .- |......|# --.-.-+---- .. |.....>|### |.........| . |......| # |.........| -- |......| ##..........| -------- ----------- woodfighter the Adept Experience level: 6 Strength: 11 Dexterity: 15 Constitution: 14 Intelligence: 17 Wisdom: 11 Charisma: 9 Health: 0(34) Energy: 55(55) Def: 7 Gold: 191 Moves: 2969 Dungeon seed: 3KYxlfaZ2HdXIcuw Game ID: woodfighter_1534436748 Your Inventory: Coins $ - 191 gold pieces Weapons a - a blessed +1 mace (weapon in hand) Q - the +0 Fire Brand (alternate weapon; not wielded) Armor e - a +0 robe n - a +0 small shield (being worn) q - a blessed +0 orcish helm (being worn) r - a cursed +0 dwarvish cloak y - a cursed -3 pair of kicking boots K - a blessed +0 pair of jumping boots (being worn) N - a blessed +0 cloak of protection (being worn) Y - a +0 pair of leather gloves (being worn) Comestibles d - 2 sprigs of wolfsbane I - a banana P - a lichen corpse Scrolls C - a scroll of water D - a scroll of scare monster G - a scroll of light L - a scroll of gold detection Spellbooks F - a spellbook of cure sickness Potions z - a potion of water B - a potion of object detection O - a potion of booze R - a potion of enlightenment Rings H - a ring of slow digestion M - a ring of protection from shape changers Wands f - a wand of cancellation (0:1) l - a wand of striking (0:5) p - a wand of enlightenment (0:10) x - a wand of slow monster (0:5) Tools i - a magic marker (0:53) j - a leather drum s - a bag of holding Contents of the bag of holding: 626 gold pieces a blessed scroll of destroy armor a scroll of identify a scroll of scare monster a spellbook of light a spellbook of remove curse 4 potions of holy water Spells and supernatural/magical abilities: Name Level Category Fail Memory l - light 1 divination 27% 86% r - remove curse 3 clerical 0% 86% W - pray for help -- divine ? -- X - turn undead -- divine ? -- Y - supernatural jump -- ability ? -- Your skills at the end: Miscellaneous Skills shield [Basic] wands [Basic] Weapon Skills mace [Basic] Spellcasting Skills clerical spells [Basic] Final Attributes: You were piously aligned. You were sleep resistant. Your writing hand was ok. You had infravision. You were stealthy. You could jump. You were protected. You are dead. Vanquished creatures: a housecat a dust vortex a human zombie 4 elf zombies a puppy a dwarf 3 iguanas 15 hill orcs 2 giant bats 2 hobbits 2 geckos a hobgoblin 5 giant rats a garter snake 2 jackals 7 newts a goblin 2 sewer rats 10 grid bugs 7 lichens a kobold zombie 70 creatures vanquished. Voluntary challenges: You did not adorn yourself with jewelry or accessories. You did not cause conflict. You were not invisible. You did not have reflection. You were not displaced. You had been an atheist until turn 2122. You used a wielded weapon 109 times, starting on turn 262. You did not apply a unicorn horn. You did not use plumbed fixtures. You did not drink any magical draughts. You were illiterate. You never genocided any monsters. You never polymorphed an object. You never changed form. You used no wishes. You never split a pudding. You never wrote Elbereth's name. You never violated your personal moral code. Dungeon overview: The Dungeons of Doom: levels 1 to 7 Level 1 a fountain a long staircase Level 2 a fountain stairs to The Gnomish Mines Level 3 (water) Level 4 an armor shop, a sink Level 5 (water) a fountain Level 6 <- You were here Level 7 The Gnomish Mines: Level 3 stairs to The Dungeons of Doom History has recorded: On T:1 you entered the Dungeons of Doom to retrieve the Amulet of Yendor! On T:41 you reached level 2 of The Dungeons of Doom. On T:564 you reached level 3 of The Dungeons of Doom. On T:631 you reached level 1 of The Gnomish Mines. On T:693 you advanced to experience level 2. On T:1092 you advanced to experience level 3. On T:1335 you reached level 4 of The Dungeons of Doom. On T:1563 you advanced to experience level 4. On T:1739 you reached level 5 of The Dungeons of Doom. On T:2122 you prayed to Huhetotl. On T:2125 you advanced to experience level 5. On T:2205 you reached level 6 of The Dungeons of Doom. On T:2751 you advanced to experience level 6. On T:2795 you reached level 7 of The Dungeons of Doom. Score breakdown: Gold: 817 ( 81 points) Experience: 6 levels ( 500 points) Exploration: 7 levels ( 180 points) Discoveries: 22 items ( 1100 points) Variety of kills: 21 monsters ( 1050 points) Major goal: (nothing yet) ( 0 points) Survival: died (score multiplied by 3) Total score: 8733 Latest messages: The hill orc throws a crude dagger! Something is hit. You stop searching. (2x) You are beginning to feel hungry. You stop searching. (2x) That food really hit the spot! You stop eating. You finish eating the food ration. You sense a monster nearby! You hear some noises in the distance. There's still a monster there. You hit something. Something touches you! You hit something. You miss it. (2x) You hit something. Something touches you! There is a doorway here. You see here an iron skull cap. You stop searching. The hill orc swings her curved sword at you. The hill orc hacks you! You hit the hill orc! (2x) The hill orc swings her curved sword at you. The hill orc hacks you! You die... Final status: Goodbye woodfighter the Priestess, killed by a hill orc... You died in The Dungeons of Doom on dungeon level 6 with 8733 points, and 817 pieces of gold, after 2969 moves. You were level 6 with a maximum of 34 hit points when you died.